 Seeded DCSS version 0.26-a0-964-g69f9a3b9e2 (webtiles) character file.

Game seed: 2393150434104887481 (custom seed)

23 karrick the Sneak (level 3, 0/37 HPs)
             Began as a Gnoll Enchanter on Dec 2, 2020.
             Succumbed to goblin's curare-tipped dart
             ... on level 1 of the Dungeon.
             The game lasted 00:01:13 (906 turns).

karrick the Sneak (Gnoll Enchanter)                  Turns: 906, Time: 00:01:14

Health: 0/37       AC: 21    Str: 11    XL:     3   Next: 0%
Magic:  8/9        EV:  2    Int: 17    God:
Gold:   47         SH:  0    Dex: 15    Spells: 10/11 levels left

rFire    + . .     SeeInvis .   a - +1 dagger
rCold    + . .     Faith    .   (no shield)
rNeg     + + +     Spirit   .   (armour currently unavailable)
rPois    +         Reflect  .   (helmet currently unavailable)
rElec    +         Harm     .   (cloak currently unavailable)
rCorr    +         Rampage  .   (gloves currently unavailable)
MR       .....     NoTele   +   (boots currently unavailable)
Stlth    +++.......             (no amulet)
HPRegen  0.00/turn              (no ring)
MPRegen  0.11/turn              (no ring)

@: lethally poisoned (0 -> -19), tree-form, resistant, slowed, very slow
A: distributed training, deterioration 1, screaming 1, inhibited regeneration,
MP-powered wands, strong nose
a: no special abilities


You were on level 1 of the Dungeon.
You were a tree.
You visited 1 branch of the dungeon, and saw 1 of its levels.

You collected 47 gold pieces.

Inventory:

Hand Weapons
 a - a +1 dagger (weapon)
Armour
 b - a +0 robe (melded)
Scrolls
 d - a scroll of blinking {unknown}


   Skills:
 + Level 0.5 Fighting
 + Level 2.5 Short Blades
 + Level 0.5 Long Blades
 + Level 0.5 Axes
 + Level 0.5 Maces & Flails
 + Level 0.5 Polearms
 + Level 0.5 Staves
 + Level 0.5 Slings
 + Level 0.5 Bows
 + Level 0.5 Crossbows
 + Level 0.5 Throwing
 + Level 0.5 Armour
 + Level 4.5 Dodging
 + Level 5.9 Stealth
 + Level 0.5 Shields
 + Level 0.5 Unarmed Combat
 + Level 4.9 Spellcasting
 + Level 0.4 Conjurations
 + Level 5.4 Hexes
 + Level 0.4 Summonings
 + Level 0.4 Necromancy
 + Level 0.4 Translocations
 + Level 0.4 Transmutations
 + Level 0.4 Fire Magic
 + Level 0.4 Ice Magic
 + Level 0.4 Air Magic
 + Level 0.4 Earth Magic
 + Level 0.4 Poison Magic
 + Level 0.7 Invocations
 + Level 0.5 Evocations


You had 10 spell levels left.
You knew the following spells:

 Your Spells              Type           Power        Failure   Level
a - Corona                Hex            ###....      1%          1

Your spell library contained the following spells:

 Spells                   Type           Power        Failure   Level
 Confusing Touch          Hex            ###.....     4%          3
 Tukima's Dance           Hex            ###.....     4%          3
 Ensorcelled Hibernation  Hex/Ice        ##....       7%          2
 Dazzling Flash           Conj/Hex       ##....       13%         3


Dungeon Overview and Level Annotations

Branches:
Dungeon (1/15)

Altars:


Innate Abilities, Weirdness & Mutations

Your experience applies equally to all skills.
((You have very sharp teeth.))
Your uncanny sense of smell can sniff out nearby items.
Your body sometimes deteriorates upon taking damage.
You occasionally shout uncontrollably at your foes.
You do not regenerate when monsters are visible.
You expend magic power (3 MP) to strengthen your wands.


Message History

* * * LOW HITPOINT WARNING * * *
You feel yourself slow down.
You have reached level 3!
Your experience leads to an increase in your attributes!
Increase (S)trength, (I)ntelligence, or (D)exterity?
You feel stronger.
It was a potion of mutation.
You feel extremely strange.
You feel the urge to shout.
You feel yourself wasting away.
Your regeneration stops near monsters.
You feel your magical essence link to the dungeon's wands.
* * * LOW HITPOINT WARNING * * *
You feel very sick. The ooze misses you.
It was a potion of lignification.
You turn into a tree.
Your +0 robe melds into your body.
Your roots penetrate the ground.
* * * LOW HITPOINT WARNING * * *
You feel sick.
The ooze hits you but does no damage. x2
It was a potion of resistance.
You feel protected.
You die...

#..#....# #..##.###
#(..#.#
######.#.#.## ∆
#...........####
#..(.###.#.#.... #
#.†)†##....####.
#.###.†........# #.
∆ #gJ♣.....##.#..#
#.
......###.........>#
#. ...##
#....##....# ## .
#.#####..... #.# #
.## . ∆


You could see an ooze and a goblin.

Vanquished Creatures
  A leopard gecko (D:1)
  2 giant cockroaches (D:1)
  3 hobgoblins (D:1)
  6 jackals (D:1)
  A kobold (D:1)
  A bat (D:1)
  2 frilled lizards (D:1)
  2 goblins (D:1)
  A rat (D:1)
19 creatures vanquished.

Notes
Turn   | Place    | Note
-------+----------+-------------------------------------------
     0 | D:1      | karrick the Gnoll Enchanter began the quest for the Orb.
     0 | D:1      | Reached XP level 1. HP: 13/13 MP: 6/6
   293 | D:1      | Reached XP level 2. HP: 12/19 MP: 7/7
   904 | D:1      | Reached XP level 3. HP: 5/25 MP: 7/9
   904 | D:1      | Gained mutation: You occasionally shout uncontrollably at
                  | your foes. [potion of mutation]
   904 | D:1      | Gained mutation: Your body sometimes deteriorates upon
                  | taking damage. [potion of mutation]
   904 | D:1      | Gained mutation: You do not regenerate when monsters are
                  | visible. [potion of mutation]
   904 | D:1      | Gained mutation: You expend magic power (3 MP) to
                  | strengthen your wands. [potion of mutation]
   906 | D:1      | Succumbed to goblin's curare-tipped dart

Illustrated notes

Levels and vault maps discovered:
D:1:      roderic_crossed_star, layout_basic, kennysheep_doodads,
          nrook_mini_backslash, minmay_close_crescents

Action                   || total
-------------------------++-------
Melee: Dagger            ||   102
       Bite              ||    13
 Cast: Corona            ||     2
  Use: Potion            ||     3
 Stab: Distracted        ||     1
       Sleeping          ||     1
Armor: Robe              ||    13
       Skin              ||     2
Dodge: Dodged            ||    89

Table legend: (Time is in decaauts)
 A = Elapsed time spent in this place.
 B = Non-inter-level travel time spent in this place.
 C = Inter-level travel time spent in this place.
 D = Time resting spent in this place.
 E = Time spent auto-exploring this place.
 F = Levels seen in this place.
 G = Mean time per level.
                   A        B        C        D        E       F      G
               +--------+--------+--------+--------+--------+-----+--------+
         Total |    894 |    894 |      0 |    336 |    368 |   1 |  894.0 |
       Dungeon |    894 |    894 |      0 |    336 |    368 |   1 |  894.0 |
               +--------+--------+--------+--------+--------+-----+--------+

Top non-repeatable levels by time:
     D:1: 894 daAuts
